 Dungeon Crawl Stone Soup version 0.30.1-4-g462c640d31 (webtiles) character file.

Game seed: 13039457947391034935

26 Peloso the Covered (level 2, 0/27 HPs)
             Began as a Minotaur Fighter on Aug 18, 2023.
             Killed by nerve-wracking pain
             ... invoked by Jessica
              (11 damage)
             ... on level 2 of the Dungeon.
             The game lasted 00:01:35 (1063 turns).

Peloso the Covered (Minotaur Fighter)               Turns: 1063, Time: 00:01:35

Health: 0/27       AC:  7    Str: 20    XL:     2   Next: 89%
Magic:  1/1        EV:  9    Int:  5    God:
Gold:   29         SH:  4    Dex:  9    Spells: 1/1 levels left

rFire   . . .        a - +0 long sword
rCold   . . .        c - +0 buckler
rNeg    . . .        b - +0 scale mail
rPois   .            (helmet restricted)
rElec   .            (no cloak)
rCorr   .            (no gloves)
SInv    .            (no boots)
Will    .....        (no amulet) Stlth
                     (no ring)
HPRegen 0.24/turn    (no ring)
MPRegen 0.07/turn

%: no passive effects
@: no status effects
A: horns 2, retaliatory headbutt
a: no special abilities


You were on level 2 of the Dungeon.
You visited 1 branch of the dungeon, and saw 2 of its levels.

You collected 29 gold pieces.

Inventory:

Hand Weapons
 a - a +0 long sword (weapon)
Armour
 b - a +0 scale mail (worn)
 c - a +0 buckler (worn)
Scrolls
 e - 2 scrolls of identify {unknown}
 f - 2 scrolls of enchant armour {unknown}
Potions
 d - a potion of might
 g - a potion of cancellation {unknown}


   Skills:
 + Level 4.1 Fighting
 + Level 2.5 Long Blades
 + Level 4.1 Armour
 + Level 0.2 Dodging
 + Level 4.0 Shields


You had one spell level left.
You didn't know any spells.
Your spell library was empty.

Dungeon Overview and Level Annotations

Branches:
Dungeon (2/15)

Altars:

Annotations:
D:2 Jessica


Innate Abilities, Weirdness & Mutations

You have a pair of horns on your head.
You reflexively headbutt those who attack you in melee.


Message History

The ball python grabs you. The ball python constricts you.
The ball python bites you. The ball python constricts you.
You closely miss the ball python. You headbutt the ball python.
You kill the ball python!
You slash the goblin!
You kill the goblin!
The frilled lizard bites you but does no damage.
The hobgoblin closely misses you.
You closely miss the frilled lizard. You headbutt the frilled lizard.
You kill the frilled lizard!
You block the hobgoblin's attack.
You completely miss the hobgoblin. Your headbutt misses the hobgoblin.
You block the hobgoblin's attack.
You hit the hobgoblin. Your headbutt misses the hobgoblin.
The hobgoblin is heavily wounded.
The hobgoblin closely misses you.
You hit the hobgoblin but do no damage.
The hobgoblin is heavily wounded.
Jessica seems less brilliant.
The hobgoblin misses you. The hobgoblin hits you.
You slash the hobgoblin!
You kill the hobgoblin!
Jessica gestures wildly while chanting.
Jessica blinks!
You see here a hobgoblin corpse.
You completely miss Jessica. You headbutt Jessica, but do no damage.
Jessica gestures at you while chanting. Pain shoots through your body!
You hit Jessica.
Jessica is heavily wounded.
Jessica hits you with a +0 dagger.
Jessica casts a spell.
Jessica seems to speed up.
You hit Jessica.
Jessica is severely wounded.
You block Jessica's attack.
Jessica casts a spell.
Jessica blinks!
Jessica points at you and mumbles some strange words.
Pain shoots through your body!
You die...

#### ...# #..... #..#
. .#..$# ####..##
.......## #......# ##
.#....###......# ...
..........@...#
...##............#
................####.#
#..<....##†........
#.....@.)...####.#.
#.........#####
.............#
.............#
#............+


You could see Jessica (fast).

Vanquished Creatures
  2 dart slugs (D:1)
  A giant cockroach (D:1)
  5 hobgoblins
  A jackal (D:1)
  2 kobolds (D:1)
  A quokka (D:1)
  3 ball pythons
  A bat (D:1)
  A frilled lizard (D:2)
  A goblin (D:2)
  3 rats (D:1)
21 creatures vanquished.

Notes
Turn   | Place    | Note
-------+----------+-------------------------------------------
     0 | D:1      | Peloso the Minotaur Fighter began the quest for the Orb.
     0 | D:1      | Reached XP level 1. HP: 19/19 MP: 0/0
   133 | D:1      | Reached XP level 2. HP: 20/27 MP: 1/1
  1039 | D:2      | Noticed Jessica
  1063 | D:2      | Killed from afar by Jessica

Illustrated notes

Levels and vault maps discovered:
D:1:      shiori_arrival_maze, layout_loops_corners, minivault_27,
          minmay_tetromino_i4
D:2:      cheibrodos_pilgrimage, layout_basic, uniq_jessica

Skill      XL: |  1  2 |
---------------+-------+-----
Fighting       | 4 |  4.1
Shields        | 4 |  4.0
Armour         | 4 |  4.1
Long Blades    | |  2.5
Dodging        | |  0.2

Action                     || total
---------------------------++-------
  Melee: Long sword        ||    64
         Headbutt          ||     7
 Armour: Scale mail        ||    37
  Dodge: Dodged            ||    32
  Block: Buckler           ||    13
